 Dungeon Crawl Stone Soup version 0.23.0-3-gf3c87f2 (webtiles) character file.

Game seed: 8411636074371480817

860 xccam the Covered (level 8, -3/63 HPs)
             Began as a Gnoll Wanderer on Feb 20, 2019.
             Killed by nerve-wracking pain
             ... invoked by Grinder
              (12 damage)
             ... on level 5 of the Dungeon.
             The game lasted 00:06:29 (3630 turns).

xccam the Covered (Gnoll Wanderer)                  Turns: 3630, Time: 00:06:30

Health: -3/63      AC: 11    Str: 12 (13) XL:     8   Next: 2%
Magic:  12/12      EV: 15    Int: 15 (16) God:
Gold:   140        SH:  5    Dex: 20 (22) Spells: 12/12 levels left

rFire    . . .     SeeInvis .   a - +1 morningstar
rCold    . . .     Gourm    .   (no shield)
rNeg     . . .     Faith    .   o - +2 scale mail
rPois    .         Spirit   .   (no helmet)
rElec    .         Reflect  +   (no cloak)
rCorr    .         Harm     .   l - +0 pair of gloves
MR       .....                  (no boots)
Stlth    +++.......             k - +5 amulet of reflection
HPRegen  0.20/turn              (no ring)
MPRegen  0.13/turn              (no ring)

@: agile, about to teleport
A: distributed training, fangs 1, strong nose
a: no special abilities


You were on level 5 of the Dungeon.
You were not hungry.

You visited 1 branch of the dungeon, and saw 5 of its levels.

You collected 140 gold pieces.

Inventory:

Hand Weapons
 a - a +1 morningstar (weapon)
 b - a +0 hand crossbow
Missiles
 g - 52 bolts
Armour
 l - a +0 pair of gloves (worn)
 o - a +2 scale mail (worn)
Jewellery
 e - an uncursed ring of fire
 k - a +5 amulet of reflection (around neck)
 q - an uncursed amulet of the gourmand
Scrolls
 c - 2 scrolls of teleportation
 f - a scroll of enchant armour
 h - 2 scrolls of identify
 i - 2 scrolls of remove curse
 j - 2 scrolls of enchant weapon
Comestibles
 d - 6 rations


   Skills:
 + Level 5.4 Fighting
 + Level 2.8 Short Blades
 + Level 2.8 Long Blades
 + Level 5.4 Axes
 + Level 3.9 Maces & Flails
 + Level 2.8 Polearms
 + Level 2.8 Staves
 + Level 2.8 Slings
 + Level 2.8 Bows
 + Level 2.8 Crossbows
 + Level 3.9 Throwing
 + Level 7.2 Armour
 + Level 2.8 Dodging
 + Level 3.7 Stealth
 + Level 2.8 Shields
 + Level 2.8 Unarmed Combat
 + Level 2.8 Spellcasting
 + Level 2.3 Conjurations
 + Level 2.3 Hexes
 + Level 2.3 Charms
 + Level 2.3 Summonings
 + Level 2.3 Necromancy
 + Level 2.3 Translocations
 + Level 2.3 Transmutations
 + Level 2.3 Fire Magic
 + Level 2.3 Ice Magic
 + Level 2.3 Air Magic
 + Level 2.3 Earth Magic
 + Level 2.3 Poison Magic
 + Level 3.1 Invocations
 + Level 2.8 Evocations


You had 12 spell levels left.
You didn't know any spells.
Your spell library was empty.

Dungeon Overview and Level Annotations

Branches:
Dungeon (5/15)
 Temple: D:4-7

Altars:

Annotations:
D:5 Grinder


Innate Abilities, Weirdness & Mutations

Your experience applies equally to all skills.
You have very sharp teeth.
Your uncanny sense of smell can sniff out nearby items.


Message History

* * * LOW HITPOINT WARNING * * *
You feel better. The adder misses you.
You puncture the adder! You bite the adder.
You kill the adder!
You barely miss Grinder.
Grinder is moderately wounded.
Grinder hits you but does no damage.
You hit Grinder but do no damage.
Grinder is moderately wounded.
Grinder hits you but does no damage. Grinder gestures at you.
Pain shoots through your body!
* * * LOW HITPOINT WARNING * * *
You aren't carrying any potions.
Unknown command.
As you read the scroll of teleportation, it crumbles to dust.
You feel strangely unstable. Grinder gestures at you.
Pain shoots through your body!
You die...

#.######.......5(...§..
#....####..............
##.....####.............
#.......# #............#
#.......# ###...#..#...#
#.......# ###...###..####
#......#######...........§§
#..........##.........##>§.
#.......##@5..........##.§§
#.......####..#........#..§
#.......# ##.##...........§
#......## #..##.......#...§
#...#...## #.#########.#...§
#.#####.# ##....######.#§§§.
##.####.(............§..
#.####...........##..........
#................##..........


You could see Grinder.

Vanquished Creatures
  Sigmund (D:2)
  2 phantoms
  A scorpion (D:4)
  2 orc priests
  2 orc wizards (D:3)
  2 iguanas (D:4)
  A bullfrog skeleton (D:4)
  3 worker ants
  3 gnolls (D:4)
  7 adders
  4 worms
  A dart slug (D:1)
  6 leopard geckos
  12 orcs
  14 goblins
  7 hobgoblins
  6 jackals
  5 kobolds
  2 quokkas (D:4)
  3 ball pythons
  A ball python skeleton (D:4)
  11 bats
  4 frilled lizards
  A jackal skeleton (D:2)
  8 rats
109 creatures vanquished.

Notes
Turn   | Place    | Note
-------+----------+-------------------------------------------
     0 | D:1      | xccam the Gnoll Wanderer began the quest for the Orb.
     0 | D:1      | xccam set off with the following items: a +2 scale mail, a
                  | +0 mace, a scroll of teleportation, a ration
     0 | D:1      | Reached XP level 1. HP: 20/20 MP: 1/1
    37 | D:1      | Reached XP level 2. HP: 20/26 MP: 2/2
   155 | D:1      | Reached XP level 3. HP: 21/31 MP: 3/3
   722 | D:2      | Reached skill level 1 in Invocations
   735 | D:2      | Reached skill level 1 in Short Blades
   735 | D:2      | Reached skill level 1 in Long Blades
   735 | D:2      | Reached skill level 1 in Polearms
   735 | D:2      | Reached skill level 1 in Staves
   735 | D:2      | Reached skill level 1 in Slings
   735 | D:2      | Reached skill level 1 in Bows
   735 | D:2      | Reached skill level 1 in Crossbows
   735 | D:2      | Reached skill level 1 in Dodging
   735 | D:2      | Reached skill level 1 in Shields
   735 | D:2      | Reached skill level 1 in Unarmed Combat
   735 | D:2      | Reached skill level 1 in Spellcasting
   735 | D:2      | Reached skill level 1 in Evocations
   740 | D:2      | Reached XP level 4. HP: 32/38 MP: 5/5
  1171 | D:2      | Reached skill level 1 in Conjurations
  1171 | D:2      | Reached skill level 1 in Hexes
  1171 | D:2      | Reached skill level 1 in Charms
  1171 | D:2      | Reached skill level 1 in Summonings
  1171 | D:2      | Reached skill level 1 in Necromancy
  1171 | D:2      | Reached skill level 1 in Translocations
  1171 | D:2      | Reached skill level 1 in Transmutations
  1171 | D:2      | Reached skill level 1 in Fire Magic
  1171 | D:2      | Reached skill level 1 in Ice Magic
  1171 | D:2      | Reached skill level 1 in Air Magic
  1171 | D:2      | Reached skill level 1 in Earth Magic
  1171 | D:2      | Reached skill level 1 in Poison Magic
  1174 | D:2      | Noticed Sigmund
  1476 | D:2      | Killed Sigmund
  1476 | D:2      | Reached XP level 5. HP: 16/43 MP: 5/7
  1476 | D:2      | Reached XP level 6. HP: 19/50 MP: 5/8
  1995 | D:3      | Reached skill level 5 in Fighting
  1995 | D:3      | Reached skill level 5 in Axes
  2622 | D:4      | Reached XP level 7. HP: 55/56 MP: 10/10
  2852 | D:4      | Reached skill level 7 in Armour
  3441 | D:5      | Entered Level 5 of the Dungeon
  3594 | D:5      | Noticed Grinder
  3620 | D:5      | Reached XP level 8. HP: 15/63 MP: 12/12
  3630 | D:5      | Killed from afar by Grinder

Skill      XL: |  1  2  3  4  5  6  7 |
---------------+----------------------+-----
Invocations    | 1 2 3 |  3.1
Short Blades   | 1 2 |  2.8
Long Blades    | 1 2 |  2.8
Polearms       | 1 2 |  2.8
Staves         | 1 2 |  2.8
Slings         | 1 2 |  2.8
Bows           | 1 2 |  2.8
Crossbows      | 1 2 |  2.8
Dodging        | 1 2 |  2.8
Shields        | 1 2 |  2.8
Unarmed Combat | 1 2 |  2.8
Spellcasting   | 1 2 |  2.8
Evocations     | 1 2 |  2.8
Conjurations   | 1 2 |  2.3
Hexes          | 1 2 |  2.3
Charms         | 1 2 |  2.3
Summonings     | 1 2 |  2.3
Necromancy     | 1 2 |  2.3
Translocations | 1 2 |  2.3
Transmutations | 1 2 |  2.3
Fire Magic     | 1 2 |  2.3
Ice Magic      | 1 2 |  2.3
Air Magic      | 1 2 |  2.3
Earth Magic    | 1 2 |  2.3
Poison Magic   | 1 2 |  2.3
Maces & Flails | 3 |  3.9
Throwing       | 3 |  3.9
Stealth        | 3 |  3.7
Fighting       | 5 |  5.4
Axes           | 5 |  5.4
Armour         | 7 |  7.2

Action                   |  1- 3 |  4- 6 |  7- 9 || total
-------------------------+-------+-------+-------++-------
Melee: Mace              |    96 |   191 |       ||   287
       Bite              |     7 |    29 |    13 ||    49
       Morningstar       |       |    59 |   101 ||   160
       Punch             |       |     1 |     3 ||     4
 Fire: Hand crossbow     |       |     2 |    36 ||    38
  Use: Potion            |       |     2 |     5 ||     7
       Scroll            |       |     4 |     5 ||     9
 Stab: Sleeping          |       |     1 |       ||     1
  Eat: Ration            |       |     1 |       ||     1
       Chunk             |       |     3 |     3 ||     6
Armor: Scale mail        |    81 |   130 |    62 ||   273
Dodge: Dodged            |    58 |   137 |    44 ||   239
Block: Other             |       |    52 |    23 ||    75
